 Dungeon Crawl Stone Soup version 0.24.0-123-gd5b16e6ec5 (webtiles) character file.

Game seed: 4730438871947489658, levelgen mode: deterministic

1661 vurker the Gusty (level 8, -2/34 HPs)
             Began as a Felid Air Elementalist on Feb 3, 2020.
             Slain by a wolf (6 damage)
             ... on level 8 of the Dungeon.
             The game lasted 00:13:54 (11307 turns).

vurker the Gusty (Felid Air Elementalist)          Turns: 11307, Time: 00:13:55

Health: -2/34      AC:  2    Str:  4    XL:     8   Next: 69%
Magic:  12/18      EV: 22    Int: 19    God:
Gold:   353        SH:  0    Dex: 17    Spells: 10/20 levels left
                                        Lives:  0   Deaths: 2

rFire    . . .     SeeInvis +   (weapon unavailable)
rCold    . . .     Gourm    .   (shield unavailable)
rNeg     + . .     Faith    .   (armour unavailable)
rPois    .         Spirit   .   (helmet unavailable)
rElec    .         Reflect  .   (cloak unavailable)
rCorr    .         Harm     .   (gloves unavailable)
MR       +....                  (boots unavailable)
Stlth    +++.......             (no amulet)
HPRegen  0.11/turn              r - ring of positive energy
MPRegen  0.16/turn              (no ring)

@: quick
A: very small, no armour, no weapons or thrown items, stealth, claws 1, fangs 3,
see invisible, carnivore, speed 1, shaggy fur 2, slow metabolism 1, sharp paws
a: no special abilities


You were on level 8 of the Dungeon.
You were not hungry.

You visited 1 branch of the dungeon, and saw 8 of its levels.

You collected 353 gold pieces.

Inventory:

Jewellery
 r - a ring of positive energy (left paw)
   (You found it on level 7 of the Dungeon)
Wands
 u - a wand of paralysis (5)
   (You found it on level 3 of the Dungeon)
 x - a wand of acid (5)
   (You found it on level 5 of the Dungeon)
Scrolls
 a - 2 scrolls of enchant armour {unknown}
 d - a scroll of blinking {unknown}
 h - 5 scrolls of remove curse {unknown}
 i - 2 scrolls of enchant weapon {unknown}
 k - 3 scrolls of fear
 n - a scroll of identify
 p - 2 scrolls of immolation {unknown}
 q - a scroll of fog {unknown}
Potions
 b - 2 potions of haste
 c - a potion of mutation
 f - 2 potions of ambrosia
 g - a potion of agility {unknown}
 j - a potion of resistance
 l - a potion of invisibility
 m - 3 potions of heal wounds
 o - 2 potions of lignification
Comestibles
 e - 14 rations


   Skills:
 + Level 2.8 Fighting
 + Level 6.7 Dodging
 - Level 5.0 Stealth
 * Level 6.5 Spellcasting
 * Level 6.3 Conjurations
 * Level 6.9 Air Magic


You had 10 spell levels left.
You knew the following spells:

 Your Spells              Type           Power        Failure   Level  Hunger
a - Shock                 Conj/Air       ####         1%          1    None
b - Lightning Bolt        Conj/Air       ####......   19%         5    #####..
c - Airstrike             Air            ####......   6%          4    ####...

Your spell library contained the following spells:

 Spells                   Type           Power        Failure   Level  Hunger
 Static Discharge         Conj/Air       ####....     1%          3    ##.....
 Swiftness                Chrm/Air       ###.....     4%          2    None
 Confusing Touch          Hex            #.....       11%         1    None
 Confuse                  Hex            #.......     32%         3    ##.....
 Gell's Gravitas          Tloc           #.........   32%         3    ##.....
 Petrify                  Tmut/Erth      #.......     71%         4    ####...
 Metabolic Englaciation   Hex/Ice        #.........   96%         5    #####..
 Yara's Violent Unravell  Hex/Tmut       #.........   96%         5    #####..


Dungeon Overview and Level Annotations

Branches:
Dungeon (8/15)             Temple (0/1) D:7
   Lair: D:8-11

Altars:
Elyvilon
Gozag
Hepliaklqana
Makhleb
Nemelex Xobeh
Ru
Trog
Uskayaw
Xom
Yredelemnul

Shops:
D:4 (   D:7 !


Innate Abilities, Weirdness & Mutations

You cannot wear armour.
You are incapable of wielding weapons or throwing items.
Your paws allow you to move quietly. (Stealth)
You have sharp claws.
You have razor-sharp teeth.
You have supernaturally acute eyesight. (SInv)
You are carnivorous and can eat meat at any time.
You cover ground quickly.
You are covered in thick fur. (AC +2)
You have a slow metabolism.
Your sharp claws are effective at attacking unaware monsters.


Message History

You destroy the wight!
The zap hits the black bear!
The zap hits the black bear.
The black bear bites you.
* * * LOW HITPOINT WARNING * * *
The black bear closely misses you. The black bear barely misses you.
Aim: a black bear (heavily wounded)
The air twists around and strikes the black bear!
The black bear completely misses you. The black bear misses you.
The black bear claws you but does no damage.
Unknown command.
Aim: a black bear (severely wounded)
The bolt of acid hits the black bear!
The black bear is splashed with acid.
The acid corrodes the black bear!
You kill the black bear!
Your life force feels restored.
Items here: )) [[ a +4 hand axe of freezing; a +0 robe; a +3 long sword; a +0 robe You now have 353 gold pieces (gained 29).
Things that are here:
a cursed +0 halberd; a +0 robe
n - a scroll of identify A black bear comes into view.
Aim: a black bear (hasn't noticed you)
The zap hits the black bear!
The black bear growls angrily.
You hear a howl!
Aim: a black bear (moderately wounded)
The zap hits the black bear.
Aim: a black bear (heavily wounded)
The zap hits the black bear!
Aim: a black bear (severely wounded)
The zap hits the black bear.
You kill the black bear!
You can't see any susceptible monsters within range! (Use Z to cast anyway.)
You can't see any susceptible monsters within range! (Use Z to cast anyway.)
The wolf is too close now for your liking.
Aim: a wolf The zap hits the wolf.
The wolf bites you! The wolf barely misses you.
Aim: a wolf (lightly wounded)
The zap misses the wolf.
The wolf bites you!
* * * LOW HITPOINT WARNING * * *
The wolf closely misses you. The wolf barely misses you. The wolf bites you!
* * * LOW HITPOINT WARNING * * *
Aim: a wolf (lightly wounded)
The zap hits the wolf. x2; The wolf misses you.
Aim: a wolf (moderately wounded)
The zap hits the wolf. x2; The wolf bites you but does no damage.
The wolf bites you.
You die...

.?... #..#####.####.##
♣..PP #.........)...#
.... #............÷#
..h######..#####.###..#
##.###...
................#
.....[..#####..#
#######..# #..†<.......#
#..# #...[#####..# #..##
#....#..@h..# #....
#....#.###..# #..##
#....# #..# #..#
#....#.###..#########..#
#......................#
####...###...########..#
# ##..# #..# #..# #..#
#.####..# ###..#


You could see a wolf.

Vanquished Creatures
  Pikel (D:4)
  A spriggan (D:7)
  A hungry ghost (D:8)
  A porcupine (D:8)
  An ice beast (D:7)
  An orc warrior (D:7)
  3 black bears
  A wolf (D:7)
  2 ogres (D:4)
  3 bullfrogs
  A scorpion (D:6)
  7 wights
  A howler monkey (D:5)
  A bullfrog zombie (D:7)
  3 crimson imps
  2 hounds
  A bullfrog skeleton (D:7)
  3 orc priests
  3 jellies
  A centaur skeleton (D:7)
  An iguana (D:6)
  4 orc wizards
  4 worker ants
  A hound zombie (D:6)
  A worker ant zombie (D:7)
  7 gnolls
  13 adders
  2 shadow imps (D:7)
  An ooze (D:3)
  An adder zombie (D:7)
  An adder skeleton (D:7)
  6 worms
  2 dart slugs
  7 leopard geckos
  21 orcs
  7 giant cockroaches
  12 goblins
  8 hobgoblins
  15 jackals
  6 quokkas
  3 ball pythons
  8 bats
  6 frilled lizards
  A jackal skeleton (D:8)
  A jackal zombie (D:5)
  5 kobolds
  5 rats
187 creatures vanquished.

Vanquished Creatures (others)
  An orc (D:5)
  2 fungi (D:8)
  8 plants (D:8)
11 creatures vanquished.

Grand Total: 198 creatures vanquished

Notes
Turn   | Place    | Note
-------+----------+-------------------------------------------
     0 | D:1      | vurker the Felid Air Elementalist began the quest for the
                  | Orb.
     0 | D:1      | Reached XP level 1. HP: 7/7 MP: 4/4
    87 | D:1      | Reached skill level 1 in Conjurations
   173 | D:1      | Reached XP level 2. HP: 11/11 MP: 0/6
   949 | D:2      | Reached XP level 3. HP: 15/15 MP: 1/7
  1687 | D:2      | Reached XP level 4. HP: 17/18 MP: 0/8
  2115 | D:2      | Reached skill level 1 in Fighting
  2794 | D:2      | Found a bloodstained altar of Trog.
  3147 | D:3      | You fall into a shaft and drop 2 floors!
  3147 | D:5      | Entered Level 5 of the Dungeon
  3165 | D:4      | Found a sparkling altar of Nemelex Xobeh.
  3284 | D:5      | Reached XP level 5. HP: 22/22 MP: 1/10
  3458 | D:5      | Found a basalt altar of Yredelemnul.
  3766 | D:5      | Found a white marble altar of Elyvilon.
  3843 | D:4      | Noticed an ogre
  3846 | D:4      | HP: 1/22 [orc priest/divine providence (9)]
  3860 | D:4      | Noticed a slave
  4307 | D:5      | Gained mutation: You are covered in thick fur. (AC +2)
                  | [Felid growth]
  4307 | D:5      | Reached XP level 6. HP: 25/25 MP: 4/12
  4388 | D:5      | Learned a level 5 spell: Lightning Bolt
  4393 | D:5      | Learned a level 4 spell: Airstrike
  4401 | D:5      | Found a hazy altar of Hepliaklqana.
  4435 | D:4      | Noticed a +0 dagger
  4435 | D:4      | Noticed a +0 hand axe
  4436 | D:4      | Found a hide-covered altar of Uskayaw.
  4789 | D:4      | Found a sacrificial altar of Ru.
  5090 | D:4      | Reached XP level 7. HP: 28/28 MP: 8/13
  5137 | D:4      | Noticed Pikel
  5343 | D:4      | Slain by an ogre
  5344 | D:4      | Reached XP level 6. HP: -1/25 MP: 8/12
  5352 | D:4      | Found Soaprop's Weapon Shoppe.
  5930 | D:3      | Found an opulent altar of Gozag.
  6022 | D:3      | Found a shimmering altar of Xom.
  6068 | D:3      | Found a shimmering altar of Xom.
  6071 | D:3      | Found a shimmering altar of Xom.
  6072 | D:3      | Found a shimmering altar of Xom.
  6072 | D:3      | Found a shimmering altar of Xom.
  6096 | D:3      | Found a shimmering altar of Xom.
  6541 | D:4      | Killed Pikel
  6541 | D:4      | Reached skill level 5 in Dodging
  6541 | D:4      | Reached skill level 5 in Air Magic
  6541 | D:4      | Reached XP level 7. HP: 17/28 MP: 2/15
  7239 | D:6      | Reached skill level 5 in Stealth
  7439 | D:6      | Reached XP level 8. HP: 32/32 MP: 10/16
  7572 | D:6      | Reached skill level 5 in Spellcasting
  7844 | D:5      | Found a basalt altar of Yredelemnul.
  8680 | D:7      | Found a staircase to the Ecumenical Temple.
  8780 | D:7      | Reached skill level 5 in Conjurations
  9004 | D:7      | Found Weraonn's Distillery.
  9044 | D:7      | Found a burning altar of Makhleb.
 10154 | D:7      | Reached XP level 9. HP: 36/36 MP: 7/18
 10943 | D:8      | Shot with an arrow by a centaur
 10944 | D:8      | Reached XP level 8. HP: 0/34 MP: 2/18
 11307 | D:8      | Slain by a wolf

Levels and vault maps discovered:
D:1:      nzn_arrival_water_spiral, layout_rooms
D:2:      layout_basic, lightli_temple_of_fire, first_ration,
          minmay_pentomino_s2
D:3:      minmay_angry_zag, layout_basic,
          nicolae_gozag_cash_rules_everything_around_me, lemuel_doored_altar,
          xom_redecorated
D:4:      layout_basic, nicolae_ru_great_annihilating_truth,
          dancing_weapons_uskayaw, nicolae_overflow_hidden_temple, serial_shops,
          kennysheep_mini_moat, bh_walls_and_bars, uniq_pikel
D:5:      lemuel_upstairs_altar, layout_loops_ring, lemuel_round_altar,
          elyvilon_altar_4, yredelemnul_altar_generic
D:6:      layout_basic
D:7:      layout_gridville, bloody_makhleb, minmay_temple_entry_from_below_a,
          serial_shops, shop, the_bakery, hangedman_decor_points
D:8:      layout_basic, lemuel_crystal_altar, minmay_lair_entry_grove,
          serial_shops, kennysheep_mini, minmay_misc_feat_x,
          chequers_guarded_unrand_ignorance

Skill      XL: |  1  2  3  4  5  6  7  8  9 |
---------------+----------------------------+-----
Conjurations   | 1 2 4 5 6 |  6.3
Air Magic      | 3 4 5 6 |  6.9
Dodging        | 3 5 6 |  6.7
Fighting       | 1 2 |  2.8
Spellcasting   | 3 4 5 6 |  6.5
Stealth        | 3 4 5 |  5.0

Action                   |  1- 3 |  4- 6 |  7- 9 || total
-------------------------+-------+-------+-------++-------
Melee: Unarmed           |    27 |     3 |     8 ||    38
       Bite              |     3 |     1 |       ||     4
 Cast: Shock             |    82 |   227 |   283 ||   592
       Airstrike         |       |       |    12 ||    12
Evoke: Wand              |       |       |     5 ||     5
  Use: Scroll            |       |       |    10 ||    10
  Eat: Chunk             |    10 |    14 |    12 ||    36
Armor: Skin              |     3 |     3 |     5 ||    11
Dodge: Dodged            |    34 |    56 |   111 ||   201
